 Dungeon Sprint DCSS version 0.29-a0-369-gd956c00756 (webtiles) character file.

Game seed: 7959171396615857592

23773 mhtbhm the Wrestler (level 12, -15/130 HPs)
             Began as a Troll Berserker on May 1, 2022.
             Was the Champion of Trog.
             Demolished by a moth of wrath simulacrum (25 damage)
             ... in the Dungeon (Sprint IX: "|||||||||||||||||||||||||||||").
             The game lasted 00:07:46 (2371 turns).

mhtbhm the Wrestler (Troll Berserker)               Turns: 2371, Time: 00:07:47

Health: -15/130    AC: 17    Str: 32    XL:     12   Next: 74%
Magic:  11/11      EV: 12    Int:  3    God:    Trog [******]
Gold:   947        SH:  0    Dex:  9    Spells: 11/11 levels left

rFire   . . .      SeeInvis .     - Unarmed
rCold   . . .      Faith    .   (no shield)
rNeg    . . .      Spirit   .   b - +0 shadow dragon scales
rPois   +          Reflect  .   (helmet restricted)
rElec   .          Harm     .   k - +1 cloak
rCorr   .          Rampage  .   (gloves unavailable)
Will    .....      NoTele   +   (boots unavailable)
Stlth   +++.......              (no amulet)
HPRegen 1.11/turn               v - ring of poison resistance
MPRegen 0.12/turn               l - +2 ring of evasion

@: on berserk cooldown, slowed, studying Stealth, very slow
A: large, unfitting armour, claws 3, regeneration 1, shaggy fur 1, tough skin 1
a: Renounce Religion, Berserk, Trog's Hand, Brothers in Arms


You were in the Dungeon.
You worshipped Trog.
Trog was exalted by your worship.
You visited 1 branch You collected 1966 gold pieces.
You spent 1019 gold pieces at shops.

Inventory:

Hand Weapons
 q - the +9 dire flail "Dedon" {vorpal, rF+ rN++ Will+ SInv}
   (Trog gifted it to you in the Dungeon)

   It inflicts extra damage upon your enemies.
   rF:        It protects you from fire.
   rN:        It greatly protects you from negative energy.
   SInv:      It lets you see invisible.
   Will:      It increases your willpower.
 s - a +5 giant spiked club of flaming
 B - the +9 broad axe "Vet Yblo" {antimagic, rElec rCorr}
   (Trog gifted it to you in the Dungeon)

   It reduces the magical energy of the wielder, and disrupts the spells and
   magical abilities of those it strikes.
   Natural abilities and divine invocations are not affected.
   rElec:     It insulates you from electricity.
   rCorr:     It protects you from acid and corrosion.
Armour
 a - a +0 animal skin
 b - +0 shadow dragon scales (worn)
 k - a +1 cloak (worn)
Jewellery
 l - a +2 ring of evasion (right claw)
 v - a ring of poison resistance (left claw)
 w - a ring of protection from cold
 x - a ring of see invisible
Wands
 i - a wand of iceblast (7)
Scrolls
 n - 3 scrolls of blinking
 o - 4 scrolls of enchant armour
 p - a scroll of fog
 t - a scroll of summoning
 u - a scroll of silence
 y - a scroll of fear
 A - 2 scrolls of enchant weapon
Potions
 c - 4 potions of heal wounds
 d - a potion of might
 e - 4 potions of magic
 f - a potion of berserk rage
 g - 4 potions of mutation
 h - a potion of invisibility
 j - 5 potions of curing
 m - 2 potions of haste
 r - a potion of attraction
 z - a potion of resistance


   Skills:
 + Level 11.5 Fighting
 * Level 8.9 Maces & Flails
 + Level 4.8 Armour
 + Level 12.4 Dodging
 + Level 4.2 Stealth
 + Level 24.0 Unarmed Combat
 + Level 2.3 Evocations


You had 11 spell levels left.
You didn't know any spells.
Your spell library was empty.

Dungeon Overview and Level Annotations

Branches:
Dungeon (1/1)

Altars:
Cheibriados
Dithmenos
Elyvilon
Fedhas
Gozag
Hepliaklqana
Kikubaaqudgha
Makhleb
Nemelex Xobeh
Okawaru
Qazlal
Ru
Sif Muna
Trog
Uskayaw
Vehumet
Wu Jian
Xom
Yredelemnul
Zin
The Shining One
Beogh
Jiyva
Lugonu

Shops:
D :*([


Innate Abilities, Weirdness & Mutations

You are too large for most types of armour.
You have claws for hands.
Your natural rate of healing is unusually fast.
You are covered in fur. (AC +1)
You have tough skin. (AC +1)


Message History

Trog accepts your kill. Trog grants you a weapon!
Something appears at your feet!
You see here a +2 battleaxe.
The moth of wrath simulacrum barely misses you.
Your Unarmed Combat skill increases to level 24!
Unknown command.
Unknown command.
You scratch the demonic crawler but do no damage.
The demonic crawler hits you.
The demonic crawler closely misses you. x2
Unknown command.
You scratch the demonic crawler. You claw the demonic crawler!
The demonic crawler is lightly wounded.
The moth of wrath simulacrum barely misses you.
The demonic crawler shrieks in warning!
You hear a shout!
You hear a roar!
You claw the demonic crawler!
The demonic crawler is heavily wounded.
The demonic crawler hits you!
* * * LOW HITPOINT WARNING * * *
The demonic crawler completely misses you.
The demonic crawler hits you.
* * * LOW HITPOINT WARNING * * *
The moth of wrath simulacrum bites you!
* * * LOW HITPOINT WARNING * * *
The moth of wrath simulacrum freezes you!
* * * LOW HITPOINT WARNING * * *
Unknown command.
You eviscerate the demonic crawler!!!
You kill the demonic crawler!
Trog accepts your kill.
The moth of wrath simulacrum bites you but does no damage.
Unknown command.
Okay, then.
Okay, then.
You feel better.
The tarantella touches you but does no damage.
The tarantella closely misses you. The moth of wrath simulacrum bites you!
* * * LOW HITPOINT WARNING * * *
The moth of wrath simulacrum freezes you!!
You die...

▓.▓.▓.▓.▓.▓.▓.▓.▓.
▓.▓.▓.▓.▓)▓.▓.▓.▓.
▓.▓.▓=▓.▓)▓.▓.▓.▓.
▓'▓.▓)▓.▓)▓.▓.▓.▓.
▓†▓.▓)▓.▓)▓.▓.▓.▓'
▓.▓.▓)▓.▓)▓.▓.▓.▓_
▓.▓.▓)▓.▓)▓.▓.▓.▓_
▓Z▓.▓)▓.▓)▓.▓.▓.▓_
▓@▓.▓)▓.▓)▓.▓.▓.▓_
▓s▓.▓)▓.▓)▓.▓'▓.▓_
▓.▓.▓)▓.▓.▓.▓)▓.▓_
▓.▓.▓.▓.▓.▓.▓†▓.▓_
▓.▓.▓[▓.▓.▓.▓.▓.▓_
♣+♣.▓[▓.▓.▓.▓.▓.▓_
♣.▓[▓.▓.▓.▓.▓.▓_
♣.▓[▓.▓)▓.▓.▓.▓_
♣.▓)▓.▓.▓.▓.▓.▓_


You could see a tarantella (soul bound) and a moth of wrath simulacrum.

Vanquished Creatures
  A stone giant (D)
  A vampire knight (D)
  A fire dragon (D)
  An ice dragon (D)
  2 boulder beetles (D)
  A hydra (D)
  2 centaur warriors (D)
  A deep troll earth mage (D)
  A deep troll shaman (D)
  A tengu warrior (D)
  A pharaoh ant (D)
  An orb spider (D)
  A glowing orange brain (shapeshifter) (D)
  5 orc knights (D)
  An ugly thing (D)
  2 moths of wrath (D)
  A guardian serpent (shapeshifter) (D)
  3 cane toads (D)
  2 demonic crawlers (D)
  3 komodo dragons (D)
  An efreet (D)
  A meliai (D)
  A troll (D)
  A polar bear (D)
  A jumping spider (D)
  A vampire (D)
  A yak (D)
  A wyvern (D)
  A wraith (D)
  Eustachio (D)
  A basilisk (D)
  A vampire mosquito (D)
  4 wargs (D)
  An acid dragon (D)
  4 water moccasins (D)
  A black bear (D)
  13 orc warriors (D)
  5 wolves (D)
  3 bullfrogs (D)
  A scorpion (D)
  3 orc priests (D)
  A hound (D)
  4 orc wizards (D)
  A dart slug (D)
  7 orcs (D)
  An endoplasm (D)
  A giant cockroach (D)
  A hobgoblin (D)
  3 quokkas (D)
  A rat (D)
99 creatures vanquished.

Vanquished Creatures (collateral kills)
  A catoblepas (D)
  A two-headed ogre (D)
  3 orc knights (D)
  A deep elf pyromancer (D)
  A cyclops (D)
  A slime creature (D)
  3 orc warriors (D)
11 creatures vanquished.

Grand Total: 110 creatures vanquished

Notes
Turn   | Place    | Note
-------+----------+-------------------------------------------
     0 | D        | mhtbhm the Troll Berserker began the quest for the Orb.
     0 | D        | Reached XP level 1. HP: 22/22 MP: 0/0
    12 | D        | Reached ** piety under Trog
   121 | D        | Noticed a scorpion
   121 | D        | Noticed a hound
   126 | D        | Reached XP level 2. HP: 31/31 MP: 1/1
   126 | D        | Killed a scorpion
   126 | D        | Reached *** piety under Trog
   127 | D        | Reached skill level 5 in Unarmed Combat
   127 | D        | Reached XP level 3. HP: 39/39 MP: 2/2
   131 | D        | Reached skill level 6 in Unarmed Combat
   131 | D        | Reached XP level 4. HP: 49/49 MP: 3/3
   189 | D        | Found a snail-covered altar of Cheibriados.
   189 | D        | Found a shadowy altar of Dithmenos.
   189 | D        | Found a white marble altar of Elyvilon.
   189 | D        | Found a blossoming altar of Fedhas.
   189 | D        | Found an opulent altar of Gozag.
   190 | D        | Found a hazy altar of Hepliaklqana.
   191 | D        | Found a viscous altar of Jiyva.
   192 | D        | Found an ancient bone altar of Kikubaaqudgha.
   193 | D        | Found a corrupted altar of Lugonu.
   194 | D        | Found a burning altar of Makhleb.
   195 | D        | Found a sparkling altar of Nemelex Xobeh.
   196 | D        | Found an iron altar of Okawaru.
   197 | D        | Found a stormy altar of Qazlal.
   198 | D        | Found a sacrificial altar of Ru.
   199 | D        | Found a shimmering blue altar of Sif Muna.
   200 | D        | Found a bloodstained altar of Trog.
   201 | D        | Found a hide-covered altar of Uskayaw.
   202 | D        | Found a radiant altar of Vehumet.
   203 | D        | Found an ornate altar of the Wu Jian Council.
   204 | D        | Found a shimmering altar of Xom.
   205 | D        | Found a basalt altar of Yredelemnul.
   206 | D        | Found a glowing silver altar of Zin.
   207 | D        | Found a glowing golden altar of the Shining One.
   251 | D        | Noticed a wraith
   251 | D        | Noticed a wyvern
   251 | D        | Noticed a troll
   251 | D        | Noticed a vampire
   251 | D        | Noticed a vampire mosquito
   251 | D        | Noticed an acid dragon
   255 | D        | Killed a wraith
   255 | D        | Reached **** piety under Trog
   256 | D        | Reached skill level 5 in Fighting
   256 | D        | Reached skill level 8 in Unarmed Combat
   256 | D        | Reached XP level 5. HP: 59/59 MP: 4/4
   257 | D        | Killed a wyvern
   258 | D        | Reached skill level 9 in Unarmed Combat
   258 | D        | Reached XP level 6. HP: 68/68 MP: 5/5
   262 | D        | Killed a troll
   263 | D        | Reached skill level 10 in Unarmed Combat
   263 | D        | Reached XP level 7. HP: 78/78 MP: 6/6
   279 | D        | Killed a vampire
   280 | D        | Reached skill level 1 in Stealth
   280 | D        | Reached skill level 11 in Unarmed Combat
   286 | D        | Killed a vampire mosquito
   293 | D        | Reached ***** piety under Trog
   294 | D        | Reached XP level 8. HP: 23/88 MP: 7/7
   368 | D        | Noticed a guardian serpent
   368 | D        | Noticed a centaur warrior
   368 | D        | Noticed a deep elf pyromancer
   368 | D        | Noticed an eight-headed hydra
   368 | D        | Noticed a two-headed ogre
   368 | D        | Noticed a slime creature
   375 | D        | Killed a guardian serpent
   376 | D        | Reached skill level 12 in Unarmed Combat
   381 | D        | Killed a centaur warrior
   382 | D        | Reached skill level 13 in Unarmed Combat
   382 | D        | Reached skill level 1 in Evocations
   384 | D        | Killed an 11-headed hydra
   385 | D        | Reached skill level 14 in Unarmed Combat
   385 | D        | Reached XP level 9. HP: 27/98 MP: 8/8
   390 | D        | Killed a two-headed ogre
   391 | D        | Reached skill level 10 in Dodging
   391 | D        | Reached skill level 15 in Unarmed Combat
   397 | D        | Killed a deep elf pyromancer
   397 | D        | Received a gift from Trog
   398 | D        | Reached skill level 16 in Unarmed Combat
   688 | D        | Noticed a cane toad
   694 | D        | Killed a cane toad
   695 | D        | Reached skill level 10 in Fighting
   695 | D        | Reached XP level 10. HP: 110/110 MP: 9/9
   708 | D        | Received a gift from Trog
   711 | D        | Reached skill level 17 in Unarmed Combat
   789 | D        | Noticed a boulder beetle
   793 | D        | Killed a boulder beetle
   796 | D        | Noticed a cane toad
   799 | D        | Noticed a cane toad
   804 | D        | Reached skill level 18 in Unarmed Combat
   806 | D        | Received a gift from Trog
   814 | D        | Killed a cane toad
   814 | D        | Reached ****** piety under Trog
   817 | D        | Killed a cane toad
   877 | D        | Reached skill level 19 in Unarmed Combat
   877 | D        | Identified the +9 dire flail "Dedon" {vorpal, rF+ rN++
                  | Will+ SInv} (Trog gifted it to you in the Dungeon)
   877 | D        | Received a gift from Trog
   880 | D        | Reached XP level 11. HP: 119/119 MP: 10/10
   955 | D        | Noticed Eustachio
   963 | D        | Killed Eustachio
  1049 | D        | Reached skill level 1 in Maces & Flails
  1055 | D        | Received a gift from Trog
  1073 | D        | Received a gift from Trog
  1177 | D        | Noticed an orc knight
  1188 | D        | Killed an orc knight
  1192 | D        | Received a gift from Trog
  1200 | D        | Reached skill level 20 in Unarmed Combat
  1252 | D        | Found Woehare's Book Emporium.
  1252 | D        | Noticed an orc knight
  1253 | D        | Noticed an orc knight
  1255 | D        | Noticed an orc knight
  1256 | D        | Found Jothos's General Store.
  1257 | D        | Noticed an orc knight
  1261 | D        | Killed an orc knight
  1271 | D        | Received a gift from Trog
  1272 | D        | Found Fuefoan's Antique Weapon Emporium.
  1272 | D        | Noticed an orc knight
  1277 | D        | Killed an orc knight
  1284 | D        | Killed an orc knight
  1286 | D        | Killed an orc knight
  1288 | D        | Killed an orc knight
  1289 | D        | Reached skill level 21 in Unarmed Combat
  1291 | D        | Received a gift from Trog
  1364 | D        | Found Haphu's Antique Armour Shoppe.
  1368 | D        | Noticed an orc knight
  1369 | D        | Noticed an orc knight
  1378 | D        | Killed an orc knight
  1379 | D        | Reached skill level 5 in Maces & Flails
  1383 | D        | Killed an orc knight
  1416 | D        | Bought a scroll of summoning for 104 gold pieces
  1416 | D        | Bought a potion of curing for 33 gold pieces
  1416 | D        | Bought a scroll of silence for 82 gold pieces
  1418 | D        | Bought a manual of Stealth for 800 gold pieces
  1677 | D        | Noticed a catoblepas
  1677 | D        | Noticed a boulder beetle
  1677 | D        | Noticed a centaur warrior
  1710 | D        | Killed a catoblepas
  1721 | D        | Noticed a glowing orange brain
  1740 | D        | Noticed a cyan ugly thing
  1746 | D        | Killed a glowing orange brain
  1746 | D        | Received a gift from Trog
  1747 | D        | Reached skill level 22 in Unarmed Combat
  1750 | D        | Killed a centaur warrior
  1751 | D        | Reached XP level 12. HP: 78/130 MP: 11/11
  1868 | D        | Killed a boulder beetle
  1905 | D        | Noticed a stone giant
  2046 | D        | Killed a stone giant
  2047 | D        | Reached skill level 1 in Armour
  2105 | D        | Noticed a fire dragon
  2106 | D        | Noticed a deep troll shaman
  2112 | D        | Noticed an ice dragon
  2113 | D        | Noticed a deep troll earth mage
  2115 | D        | Noticed a tengu warrior
  2119 | D        | Killed a fire dragon
  2119 | D        | Received a gift from Trog
  2120 | D        | Killed a deep troll shaman
  2121 | D        | Reached skill level 23 in Unarmed Combat
  2121 | D        | Noticed a vampire knight
  2129 | D        | Killed an ice dragon
  2132 | D        | Killed a vampire knight
  2137 | D        | Killed a deep troll earth mage
  2144 | D        | Killed a tengu warrior
  2144 | D        | Identified the +9 broad axe "Vet Yblo" {antimagic, rElec
                  | rCorr} (Trog gifted it to you in the Dungeon)
  2144 | D        | Received a gift from Trog
  2366 | D        | Received a gift from Trog
  2367 | D        | Reached skill level 24 in Unarmed Combat
  2371 | D        | Demolished by a moth of wrath simulacrum

Illustrated notes

Levels and vault maps discovered:
D:        linesprint [early_d, line_temple, items_1, d_10, items_2, lair_1,
          lair_end, items_3, orc_1, orc_end, items_4, d_15, swamp_1, shoals_1,
          snake_1, spider_1, d_20, vaults_1, items_5, swamp_end, shoals_end,
          snake_end, spider_end, vaults_end, d_27, items_6, zot_1, zot_end,
          crypt_end, forest_end, elf_end, slime_end, tomb_end, abyss_end,
          pan_hell_end]

Skill      XL: |  1  2  3  4  5  6  7  8  9 10 11 12 |
---------------+-------------------------------------+-----
Fighting       | 3 4 5 6 7 8 9 10 11 | 11.5
Dodging        | 3 4 6 7 8 9 10 11 12 | 12.4
Unarmed Combat | 5 6 8 9 10 11 14 16 19 22 24 | 24.0
Stealth        | 1 2 3 4 |  4.2
Evocations     | 1 2 |  2.3
Maces & Flails | 6 8 |  8.9
Armour         | 4 |  4.8

Action                   |  1- 3 |  4- 6 |  7- 9 | 10-12 || total
-------------------------+-------+-------+-------+-------++-------
Melee: Unarmed           |    18 |    15 |    42 |   221 ||   296
       Punch             |     1 |       |     2 |    25 ||    28
Invok: Berserk           |     1 |     1 |     2 |     8 ||    12
       Brothers in Arms  |       |       |     1 |     4 ||     5
Evoke: Wand              |       |       |     3 |       ||     3
  Use: Potion            |       |       |     3 |     2 ||     5
       Scroll            |       |       |     2 |     1 ||     3
 Stab: Sleeping          |       |       |       |     1 ||     1
Armor: Animal skin       |     4 |     5 |    11 |     6 ||    26
       Shadow dragon sca |       |       |       |    40 ||    40
Dodge: Dodged            |     6 |     5 |    25 |    74 ||   110

Table legend: (Time is in decaauts)
 A = Elapsed time spent in this place.
 B = Non-inter-level travel time spent in this place.
 C = Inter-level travel time spent in this place.
 D = Time resting spent in this place.
 E = Time spent auto-exploring this place.
 F = Levels seen in this place.
 G = Mean time per level.
                   A        B        C        D        E       F      G
               +--------+--------+--------+--------+--------+-----+--------+
         Total |   2347 |   2347 |      0 |   1056 |     15 |   1 | 2347.0 |
       Dungeon |   2347 |   2347 |      0 |   1056 |     15 |   1 | 2347.0 |
               +--------+--------+--------+--------+--------+-----+--------+

Top non-repeatable levels by time:
       D: 2347 daAuts
